 Dungeon Crawl Stone Soup version 0.30.1-11-g7821555f0a (webtiles) character file.

Game seed: 1101214096734162283

7261 Marvel the Spear-Bearer (level 10, 0/90 HPs)
             Began as a Minotaur Fighter on Dec 16, 2023.
             Was a High Priest of Okawaru.
             Slain by a kobold brigand
             ... wielding a +0 war axe
              (2 damage)
             ... in a bailey.
             The game lasted 00:17:20 (7137 turns).

Marvel the Spear-Bearer (Minotaur Fighter)          Turns: 7137, Time: 00:17:20

Health: 0/90       AC: 28    Str: 26    XL:     10   Next: 88%
Magic:  7/9        EV: 10    Int:  5    God:    Okawaru [*****.]
Gold:   610        SH:  0    Dex:  9    Spells: 9/9 levels left

rFire   . . .        y - +8 glaive "Zerafil" {speed, +Blink}
rCold   . . .        (shield currently unavailable)
rNeg    . . .        P - +0 plate armour
rPois   .            (helmet restricted)
rElec   .            N - +0 cloak {Stlth+}
rCorr   .            l - +1 pair of gloves
SInv    .            i - +2 pair of boots
Will    .....        (no amulet) Stlth
                     u - +4 ring of protection
HPRegen 0.35/turn    (no ring)
MPRegen 0.11/turn

%: no passive effects
@: lethally poisoned (0 -> -7), heroic
A: horns 2, retaliatory headbutt
a: Renounce Religion, Evoke Blink, Heroism, Finesse, Duel


You were in a bailey.
You worshipped Okawaru.
Okawaru was extremely pleased with you.
You visited 2 branches of the dungeon, and saw 10 of its levels.
You also visited: Bailey.

You collected 610 gold pieces.

Inventory:

Hand Weapons
 a - a +0 vampiric flail
 y - the +8 glaive "Zerafil" (weapon) {speed, +Blink}
   (You found it on level 4 of the Dungeon)

   +Blink:    It lets you blink.
 O - a +1 battleaxe of flaming
Missiles
 x - 2 curare-tipped darts
 A - 19 poisoned darts (quivered)
 H - a throwing net
Armour
 b - a +0 scale mail
 c - a +0 buckler
 i - a +2 pair of boots (worn)
 l - a +1 pair of gloves (worn)
 I - a +0 chain mail
 N - a +0 cloak of stealth (worn)
 P - a +0 plate armour (worn)
Jewellery
 u - a +4 ring of protection (left hand)
 B - an amulet of guardian spirit
 E - a +6 ring of intelligence
Wands
 r - a wand of charming (11)
 w - a wand of flame (30)
 J - a wand of iceblast (8)
Scrolls
 f - 2 scrolls of fog {unknown}
 g - a scroll of vulnerability {unknown}
 h - 2 scrolls of noise {unknown}
 k - 2 scrolls of blinking {unknown}
 m - 3 scrolls of teleportation {unknown}
 p - 2 scrolls of summoning {unknown}
 q - 7 scrolls of identify {unknown}
 t - a scroll of magic mapping {unknown}
 D - a scroll of brand weapon
Potions
 d - 2 potions of might
 e - 2 potions of flight {unknown}
 j - a potion of cancellation
 n - a potion of magic {unknown}
 o - a potion of resistance {unknown}
 s - 3 potions of brilliance {unknown}
 v - a potion of attraction {unknown}
 C - a potion of lignification {unknown}
 F - 3 potions of mutation {unknown}
 G - a potion of degeneration {unknown}
 K - a potion of haste {unknown}


   Skills:
 + Level 8.4(13.4) Fighting
 + Level 5.7(10.7) Maces & Flails
 + Level 13.7(18.7) Polearms
 - Level 0.6(5.6) Throwing
 + Level 10.1(15.1) Armour
 - Level 3.3(8.3) Dodging
 - Level 1.0(6.0) Stealth
 + Level 5.0(10.0) Shields
 + Level 0.3 Invocations
 + Level 0.8 Evocations


You had 9 spell levels left.
You didn't know any spells.
Your spell library contained the following spells:

 Spells                   Type           Power      Damage    Failure   Level
 Freeze                   Ice            0%         1d3       98%         1
 Magic Dart               Conj           0%         1d3       98%         1
 Searing Ray              Conj           0%         2d4       99%         2
 Frozen Ramparts          Ice            0%         1d1       100%        3
 Hailstorm                Conj/Ice       0%         3d3       100%        3
 Fulminant Prism          Conj/Hex       0%         3d5       100%        4


Dungeon Overview and Level Annotations

Branches:
Dungeon (9/15)             Temple (1/1) D:5            Lair (0/5) D:8
 Bailey (1/1)
    Orc: D:9-12

Altars:
Ashenzari
Elyvilon
Fedhas
Hepliaklqana
Makhleb
Okawaru
Ru


Innate Abilities, Weirdness & Mutations

You have a pair of horns on your head.
You reflexively headbutt those who attack you in melee.


Message History

You are more poisoned.
You have difficulty breathing.
* * * LOW HITPOINT WARNING * * *
You feel as though you will be slow longer.
The kobold brigand closely misses you.
You feel better.
The kobold brigand throws a curare-tipped dart.
The curare-tipped dart hits you.
You are poisoned.
You have difficulty breathing.
* * * LOW HITPOINT WARNING * * *
You feel as though you will be slow longer.
The kobold brigand hits you but does no damage.
You gain the combat prowess of a mighty hero.
* * * LOW HITPOINT WARNING * * *
You feel extremely sick.
The kobold brigand hits you but does no damage.
The kobold brigand closely misses you. The kobold closely misses you.
You hit the kobold brigand.
Your headbutt misses the kobold brigand.
The kobold brigand is lightly wounded.
* * * LOW HITPOINT WARNING * * *
You feel very sick.
The kobold brigand completely misses you.
The kobold brigand closely misses you. The kobold hits you but does no damage.
Okay, then.
Okay, then.
Okay, then.
It was a potion of cancellation.
Your magical effects are unravelling.
You feel magically purged.
You feel yourself speed up.
* * * LOW HITPOINT WARNING * * *
You feel very sick.
The kobold brigand hits you but does no damage.
The kobold brigand hits you with a +0 war axe.
* * * LOW HITPOINT WARNING * * *
The kobold barely misses you.
The kobold brigand hits you with a +0 war axe.
You die...

##~.......~#
##~~.......~~
.~~.......~~
###~~.......~~
..~~.......~~
#.###~~.......~~#
....~(.KK....~~.
#.###~()@K....~~#
#....~~.).....~~.
#.###~(.......~~#
#....~~.......~~.
#####~~.......~~#
##~.......~#
####...#### #...#
#...#


You could see 2 kobold brigands and a kobold.

Vanquished Creatures
  An orc sorcerer (D:8)
  A kobold demonologist (D:6)
  A komodo dragon (D:8)
  A troll (D:8)
  A wraith (D:9)
  15 yaks (D:8)
  2 wyverns
  2 basilisks (D:8)
  A steam dragon (D:8)
  3 water moccasins
  3 orc warriors
  A sky beast (D:7)
  2 ogres
  A black bear (D:7)
  A swamp drake (D:8)
  2 centaurs
  A phantom (D:6)
  6 kobold brigands
  2 bullfrogs
  A gnoll sergeant (D:6)
  2 scorpions
  3 wights (D:8)
  4 killer bees (D:9)
  2 howler monkeys
  2 hounds
  A jelly (D:5)
  7 orc priests
  2 sleepcaps
  4 orc wizards
  4 adders
  14 gnolls
  3 white imps
  2 ufetubi
  A worm (D:2)
  4 dart slugs
  23 orcs
  4 endoplasms
  3 giant cockroaches
  6 goblins
  11 hobgoblins
  7 jackals
  47 kobolds
  3 quokkas
  4 ball pythons
  3 bats
  2 frilled lizards
  A rat (D:1)
217 creatures vanquished.

Notes
Turn   | Place    | Note
-------+----------+-------------------------------------------
     0 | D:1      | Marvel the Minotaur Fighter began the quest for the Orb.
     0 | D:1      | Reached XP level 1. HP: 19/19 MP: 0/0
   211 | D:1      | Reached XP level 2. HP: 27/27 MP: 1/1
   742 | D:2      | Reached XP level 3. HP: 32/33 MP: 2/2
   987 | D:2      | Reached XP level 4. HP: 41/41 MP: 3/3
  1375 | D:3      | Found a blossoming altar of Fedhas.
  2274 | D:4      | Identified the +8 glaive "Zerafil" {speed, +Blink}
  2422 | D:4      | Noticed a kobold brigand
  2436 | D:5      | Entered Level 5 of the Dungeon
  2454 | D:5      | Noticed a scorpion
  2459 | D:5      | Killed a scorpion
  2460 | D:5      | Reached XP level 5. HP: 47/47 MP: 4/4
  2492 | D:5      | Noticed a centaur
  2501 | D:5      | Killed a centaur
  2502 | D:5      | Reached skill level 5 in Armour
  2502 | D:5      | Reached skill level 1 in Dodging
  2559 | D:5      | Noticed a water moccasin
  2562 | D:5      | Killed a water moccasin
  2563 | D:5      | Reached skill level 1 in Polearms
  2563 | D:5      | Reached XP level 6. HP: 45/53 MP: 5/5
  2647 | D:5      | Reached skill level 5 in Maces & Flails
  2707 | D:5      | Reached skill level 2 in Polearms
  2745 | D:5      | Found a staircase to the Ecumenical Temple.
  2761 | D:5      | Reached skill level 5 in Shields
  2761 | D:5      | Reached XP level 7. HP: 60/60 MP: 6/6
  2764 | Temple   | Entered the Ecumenical Temple
  2775 | Temple   | Became a worshipper of Warmaster Okawaru
  2910 | D:5      | Found a burning altar of Makhleb.
  3139 | D:5      | Found a white marble altar of Elyvilon.
  3358 | D:4      | Reached skill level 3 in Polearms
  3402 | D:4      | Reached skill level 5 in Fighting
  3402 | D:4      | Reached * piety under Okawaru
  3489 | D:4      | Reached skill level 4 in Polearms
  3738 | D:4      | Reached skill level 5 in Polearms
  3747 | D:4      | Reached XP level 8. HP: 49/68 MP: 7/7
  4161 | D:6      | Reached skill level 6 in Polearms
  4176 | D:6      | Reached skill level 7 in Polearms
  4179 | D:6      | Reached ** piety under Okawaru
  4299 | D:6      | Noticed a kobold demonologist
  4316 | D:6      | Noticed a red devil
  4318 | D:6      | Killed a kobold demonologist
  4319 | D:6      | Reached skill level 8 in Polearms
  5167 | D:7      | Reached XP level 9. HP: 75/75 MP: 8/8
  5612 | D:8      | Reached skill level 9 in Polearms
  5653 | D:8      | Noticed a troll
  5661 | D:8      | Killed a troll
  5661 | D:8      | Reached *** piety under Okawaru
  5723 | D:8      | Reached skill level 10 in Polearms
  5723 | D:8      | Reached skill level 1 in Stealth
  5735 | D:8      | Reached **** piety under Okawaru
  5832 | D:8      | Reached skill level 11 in Polearms
  5900 | D:8      | Noticed an orc sorcerer
  5905 | D:8      | Noticed a red devil
  5970 | D:8      | Noticed a rust devil
  5993 | D:8      | Reached XP level 10. HP: 71/86 MP: 6/9
  6002 | D:8      | Killed an orc sorcerer
  6003 | D:8      | Reached skill level 12 in Polearms
  6641 | D:8      | Reached ***** piety under Okawaru
  6695 | D:8      | Reached skill level 13 in Polearms
  6768 | D:8      | Found a staircase to the Lair.
  7070 | D:9      | Reached skill level 10 in Armour
  7088 | D:9      | Found a flagged portal.
  7098 | Bailey   | Entered a bailey
  7129 | Bailey   | Identified the +3 chain mail of Undesirable Species
                  | {Rampage rC- Dex+3 SInv}
  7137 | Bailey   | HP: 2/90 [kobold brigand/+0 war axe (4)]
  7137 | Bailey   | Slain by a kobold brigand

Illustrated notes

Levels and vault maps discovered:
D:1:      scummos_arrival_gate, layout_loops_ring
D:2:      layout_loops_ring, serial_bayou_pond_b, serial_bayou_pond_a
D:3:      layout_rooms, lemuel_tele_altar
D:4:      minmay_goblin_kobold_castle, layout_layer_cave,
          minmay_tree_intersection
D:5:      layout_basic, mainiacjoe_overflow_big_doors,
          minmay_temple_entry_large_hall, hex_medium
D:6:      layout_basic
D:7:      lemuel_ice_spiral_2, layout_basic
D:8:      cheibrodos_wizards_tower, layout_gridville, erik_lair_dragon,
          roderic_lattice_a
D:9:      layout_rooms, enter_bailey_2
Temple:   eino_temple_scatter_basement
Bailey:   bailey_axe_3, bailey

Skill      XL: |  1  2  3  4  5  6  7  8  9 10 |
---------------+-------------------------------+-----
Fighting       | 4 5 7 8 |  8.4
Armour         | 4 5 6 7 8 10 | 10.1
Shields        | 4 5 |  5.0
Maces & Flails | 3 4 5 |  5.7
Dodging        | 1 2 3 |  3.3
Polearms       | 1 2 5 8 11 13 | 13.7
Stealth        | 1 |  1.0
Throwing       | |  0.6
Invocations    | |  0.3
Evocations     | |  0.8

Action                     |  1- 3 |  4- 6 |  7- 9 | 10-12 || total
---------------------------+-------+-------+-------+-------++-------
  Melee: Flail             |    64 |    57 |       |       ||   121
         Headbutt          |     9 |    11 |    32 |    21 ||    73
         Glaive            |       |    17 |   233 |   132 ||   382
  Throw: Dart              |       |       |     5 |       ||     5
 Invoke: Heroism           |       |       |     1 |     2 ||     3
  Evoke: Wand              |       |     5 |       |       ||     5
    Use: Scroll            |       |       |     2 |     1 ||     3
         Potion            |       |       |       |     4 ||     4
 Armour: Scale mail        |    25 |    49 |   100 |       ||   174
         Chain mail        |       |       |    41 |    31 ||    72
         Plate armour      |       |       |       |    65 ||    65
  Dodge: Dodged            |    22 |    54 |   104 |    57 ||   237
  Block: Buckler           |    17 |    19 |       |       ||    36
